Map: Romanticide LE

Players

DisK - Winner!

  • Race: Protoss Protoss

Neeb

  • Race: Protoss Protoss

Event: DreamHack SC2 Masters 2021 Winter

VOD

Have the link to the VOD?

Description

Time

  • Played on: Oct. 5, 2021, 5:05 p.m.
  • Length: 9:11

All games in this series

Show
View Real Time Build Order
Export as new Build Order

DisK Protoss - Winner!

Build Orders: Blink Stalkers 

Get SALT Encoding   

  12  0:00  Probe  
  13  0:12  Probe  
  14  0:17  Pylon  
  14  0:24  Probe  
  15  0:35  Gateway  
  15  0:36  Probe (Chrono Boost)  
  16  0:46  Assimilator, Probe (Chrono Boost)  
  17  0:51  Probe (Chrono Boost)  
  17  0:55  Assimilator  
  18  1:03  Probe (Chrono Boost)  
  19  1:07  Gateway  
  19  1:13  Probe (Chrono Boost)  
  20  1:18  Probe  
  20  1:23  Cybernetics Core  
  21  1:31  Probe  
  22  1:35  Pylon  
  22  1:43  Probe  
  23  1:55  Probe  
  23  1:57  Warp Gate (Chrono Boost)  
  23  1:59  Adept x2  
  28  2:07  Probe  
  29  2:13  Pylon  
  29  2:18  Pylon  
  29  2:24  Probe  
  30  2:31  Adept  
  30  2:33  Adept  
  34  3:12  Probe  
  33  3:13  Nexus  
  33  3:16  Twilight Council  
  31  3:24  Probe  
  31  3:25  Shield Battery  
  31  3:27  Shield Battery  
  31  3:36  Stalker x2  
  31  3:40  Probe  
  36  3:47  Blink (Chrono Boost)  
  36  3:57  Probe  
  37  4:07  Adept x2  
  37  4:09  Probe  
  38  4:21  Probe  
  39  4:27  Probe  
  39  4:30  Stalker x2  
  44  4:33  Probe  
  44  4:38  Pylon  
  45  4:39  Probe  
  47  4:45  Probe  
  47  4:49  Gateway  
  43  5:03  Probe x2  
  45  5:07  Stalker x2  
  45  5:08  Gateway  
  45  5:09  Pylon  
  49  5:15  Probe x2  
  49  5:16  Assimilator  
  51  5:23  Gateway  
  51  5:36  Stalker x2  
  55  5:43  Probe x2  
  55  5:46  Stalker  
  59  5:55  Probe x2  
  61  5:59  Stalker x2  
  65  6:04  Stalker, Pylon  
  66  6:19  Stalker x2  
  68  6:28  Stalker  
  68  6:29  Stalker  
  58  6:41  Stalker  
  48  6:54  Nexus  
  48  6:57  Stalker x4  
  48  7:00  Probe x2  
  56  7:06  Stalker  
  56  7:07  Dark Shrine  
  58  7:11  Robotics Facility  
  58  7:14  Probe x2  
  60  7:16  Shield Battery  
  60  7:24  Adept  
  60  7:25  Adept  
  60  7:29  Forge  
  64  7:30  Probe (Chrono Boost)  
  64  7:31  Probe (Chrono Boost)  
  66  7:41  Probe (Chrono Boost)  
  65  7:44  Probe (Chrono Boost)  
  65  7:49  Probe  
  63  7:54  Pylon  
  63  7:56  Warp Prism (Chrono Boost), Probe  
  64  8:01  Stalker x2, Probe  
  69  8:08  Probe  
  69  8:11  Stalker x2  
  74  8:17  Pylon  
  74  8:20  Assimilator  
  74  8:21  Stalker  
  76  8:28  Gateway  
  76  8:32  Stalker x2  
  80  8:38  Shield Battery  
  80  8:39  Stalker  
  82  8:47  Probe  
  82  8:48  Probe  
  84  8:50  Shield Battery  
  84  8:52  Dark Templar x2  
  88  8:55  Stalker  
  88  8:56  Stalker  
  88  9:00  Pylon  
Show
View Real Time Build Order
Export as new Build Order

Neeb Protoss 

Build Orders: Oracle Opening 

Get SALT Encoding   

  12  0:00  Probe  
  13  0:12  Probe  
  14  0:17  Pylon  
  14  0:24  Probe (Chrono Boost)  
  15  0:36  Gateway, Probe (Chrono Boost)  
  16  0:44  Probe (Chrono Boost)  
  16  0:45  Assimilator  
  17  0:51  Probe  
  18  1:00  Assimilator  
  18  1:03  Probe (Chrono Boost)  
  19  1:08  Gateway  
  19  1:14  Probe (Chrono Boost)  
  20  1:19  Probe (Chrono Boost)  
  21  1:25  Cybernetics Core  
  21  1:29  Probe  
  22  1:36  Pylon  
  22  1:41  Probe  
  23  1:54  Probe  
  24  2:05  Stalker x2, Warp Gate  
  24  2:07  Probe  
  29  2:20  Pylon x2  
  29  2:30  Stargate  
  30  2:50  Nexus  
  29  3:01  Probe  
  26  3:13  Probe  
  26  3:17  Oracle (Chrono Boost)  
  26  3:24  Twilight Council  
  26  3:27  Probe  
  30  3:39  Probe  
  31  3:48  Pylon  
  31  3:51  Probe  
  31  3:54  Stalker  
  34  4:00  Stalker  
  35  4:02  Blink (Chrono Boost)  
  35  4:03  Probe  
  35  4:06  Probe  
  37  4:15  Probe  
  38  4:18  Probe  
  39  4:27  Probe  
  39  4:30  Probe  
  41  4:39  Gateway, Probe  
  41  4:42  Probe  
  43  4:46  Stalker  
  43  4:51  Probe  
  44  4:54  Probe  
  44  4:55  Stalker  
  44  5:04  Probe  
  44  5:06  Probe  
  46  5:13  Stalker  
  48  5:16  Probe  
  48  5:18  Probe  
  48  5:21  Stalker  
  52  5:25  Pylon  
  52  5:28  Probe  
  53  5:30  Probe  
  54  5:40  Probe  
  54  5:41  Forge  
  55  5:42  Probe  
  56  5:52  Probe  
  56  5:55  Probe  
  58  5:57  Stalker x2  
  58  5:58  Stalker  
  64  6:08  Nexus  
  64  6:10  Probe  
  65  6:15  Probe  
  64  6:26  Stalker x3, Protoss Ground Weapons Level 1 (Chrono Boost)  
  64  6:32  Probe  
  65  6:33  Probe  
  59  6:44  Probe  
  59  6:46  Probe  
  55  6:49  Pylon  
  55  6:53  Stalker x3  
  57  6:56  Probe  
  57  6:57  Assimilator  
  57  6:58  Probe  
  59  7:07  Shield Battery  
  59  7:10  Probe  
  59  7:11  Probe  
  59  7:12  Stalker x2  
  59  7:14  Stalker  
  67  7:21  Probe  
  69  7:22  Probe  
  69  7:24  Probe  
  70  7:33  Probe  
  70  7:35  Probe  
  71  7:38  Stalker x2  
  71  7:39  Stalker  
  71  7:41  Probe (Chrono Boost)  
  73  7:45  Probe (Chrono Boost)  
  73  7:47  Probe (Chrono Boost)  
  73  7:53  Probe (Chrono Boost)  
  73  7:57  Probe (Chrono Boost)  
  73  7:58  Probe (Chrono Boost)  
  76  8:00  Probe (Chrono Boost)  
  76  8:02  Probe (Chrono Boost)  
  76  8:04  Robotics Facility  
  79  8:06  Gateway  
  79  8:07  Probe  
  79  8:08  Gateway  
  79  8:12  Stalker x2  
  83  8:13  Gateway  
  83  8:14  Stalker  
  83  8:16  Gateway  
  83  8:18  Gateway  
  83  8:19  Probe  
  86  8:20  Probe  
  86  8:23  Probe  
  88  8:31  Assimilator  
  88  8:35  Pylon  
  88  8:44  Pylon  
  88  8:46  Robotics Facility  
  88  8:47  Zealot x2  
  92  8:56  Gateway, Pylon  
  92  8:57  Pylon  
  92  8:58  Zealot  

Tags
 
Add a new tag
Caveats
  • Supply blocks, unpowered buildings, or Contaminate may cause inaccurate times.
  • Supply counts are checked every 10 seconds.